 Dungeon Crawl Stone Soup version 0.32-a0-361-g289a535e89 (webtiles) character file.

Game seed: 2537135697430584784

5603 runemasterragnar the Cleaver (level 10, -5/91 HPs)
             Began as a Coglin Gladiator on Feb 18, 2024.
             Was a Priest of Wu Jian.
             Slain by a wyvern (10 damage)
             ... on level 10 of the Dungeon.
             The game lasted 00:10:36 (8311 turns).

runemasterragnar the Cleaver (Coglin Gladiator)     Turns: 8311, Time: 00:10:37

Health: -5/91      AC:  9    Str: 18    XL:     10   Next: 73%
Magic:  10/10      EV: 10    Int:  7    God:    Wu Jian [***...]
Gold:   586        SH:  0    Dex: 17    Spells: 9/9 levels left

rFire   + + .        a - +0 war axe {Jihoo}
rCold   . . .        K - +1 hand axe (elec) {Xochitl}
rNeg    + + +        n - +0 scale mail
rPois   .            (helmet restricted)
rElec   +            p - +0 cloak
rCorr   .            G - +1 pair of gloves
SInv    .            (no boots)
Will    +....        g - amulet "Dudduett" {Faith ^Fragile rElec rF+ rN+++} Stlth
                     j - ring of willpower
HPRegen 0.35/turn    (no ring)
MPRegen 0.12/turn

%: faith
@: revving, stiff-legged, very slow
A: off-hand wielding, slow wielding, warmup strikes, warmup strides, horns 1,
fire resistance 1, robust 1
a: Renounce Religion, Wall Jump, Serpent's Lash


You were on level 10 of the Dungeon.
You worshipped Wu Jian.
Wu Jian was most pleased with you.
You visited 1 branch of the dungeon, and saw 11 of its levels.

You collected 720 gold pieces.
You spent 134 gold pieces at shops.

Inventory:

Hand Weapons
 a - a +0 war axe (weapon) {Jihoo}
 C - a +0 war axe {Liang}
 K - a +1 hand axe of electrocution (worn) {Xochitl}
Missiles
 e - 2 javelins (quivered)
 m - 13 poisoned darts
Armour
 c - a +0 helmet
 n - a +0 scale mail (worn)
 p - a +0 cloak (worn)
 D - a +0 pair of gloves
 G - a +1 pair of gloves (worn)
Jewellery
 g - the amulet "Dudduett" (around neck) {Faith ^Fragile rElec rF+ rN+++}
   (You bought it in a shop on level 1 of the Dungeon)

   [amulet of faith]

   Faith:     It allows you to gain divine favour quickly.
   rF+:       It protects you from fire.
   rElec:     It insulates you from electricity.
   rN+++:     It renders you almost immune to negative energy.
   ^Fragile:  It will be destroyed if unequipped.
 j - a ring of willpower (left grasper)
 s - a +6 ring of intelligence
 E - a ring of positive energy
Talismans
 y - a beast talisman
Wands
 A - a wand of roots (6)
 B - a wand of charming (9)
 I - a wand of flame (19)
 M - a wand of polymorph (5)
Scrolls
 d - a scroll of torment {unknown}
 k - 2 scrolls of fog
 r - a scroll of blinking
 t - a scroll of poison
 u - a scroll of immolation
 w - 4 scrolls of teleportation
 J - a scroll of silence {unknown}
 L - a scroll of enchant weapon {unknown}
 N - a scroll of revelation {unknown}
Potions
 b - a potion of cancellation
 f - 2 potions of attraction
 h - 3 potions of lignification
 i - 2 potions of might
 l - a potion of mutation
 o - 3 potions of haste
 q - a potion of ambrosia
 v - a potion of curing
 x - a potion of magic
 z - a potion of resistance
 F - a potion of berserk rage {unknown}
 H - 2 potions of degeneration {unknown}


   Skills:
 + Level 9.2 Fighting
 * Level 12.8 Axes
 - Level 3.1 Throwing
 - Level 2.6 Dodging


You had 9 spell levels left.
You didn't know any spells.
Your spell library contained the following spells:

 Spells                   Type           Power      Damage    Failure   Level
 Apportation              Tloc           0%         N/A       85%         1
 Necrotise                Necr           0%         1d4       85%         1
 Sting                    Conj/Alch      0%         1d3       85%         1
 Summon Small Mammal      Summ           0%         N/A       85%         1
 Fugue of the Fallen      Necr           0%         N/A       99%         3
 Inner Flame              Hex/Fire       0%         N/A       99%         3
 Ozocubu's Armour         Ice            0%         N/A       99%         3
 Summon Ice Beast         Ice/Summ       0%         N/A       99%         3
 Flame Wave               Conj/Fire      0%         2d4       100%        4
 Manifold Assault         Tloc           0%         N/A       100%        4
 Sticky Flame             Fire/Alch      0%         2d4       100%        4
 Summon Forest            Summ/Tloc      0%         N/A       100%        5
 Summon Mana Viper        Hex/Summ       0%         N/A       100%        5
 Summon Cactus Giant      Summ           0%         N/A       100%        6
 Monstrous Menagerie      Summ           0%         N/A       100%        7


Dungeon Overview and Level Annotations

Branches:
Dungeon (11/15)            Temple (0/1) D:7             Orc (0/2) D:9
   Lair: D:8-11

Altars:
Ashenzari
Elyvilon
Gozag
Ru
Trog
Uskayaw
Vehumet
Wu Jian
Xom
Zin
The Shining One

Shops:
D:1 *   D:6 ?


Innate Abilities, Weirdness & Mutations

You can wield a second weapon in your off-hand.
It takes a long time for you to wield or remove held weapons.
Your first few attacks do less damage.
Your first movements take longer.
You have a pair of small horns on your head.
Your flesh is heat resistant. (rF+)
You are robust. (+10% HP)


Message History

Blink to where?
Press: ? - help, Dir - move target
As you read the scroll of blinking, it crumbles to dust.
Aiming: Fastroot
Press: ? - help, Shift-Dir - straight line, f - wyvern
Aim: a wyvern The roots erupt in riotous growth!
Roots grab the wyvern.
The grasping roots constrict the wyvern.
The wyvern struggles to escape constriction.
Okay, then.
Aiming: Throw Flame
Press: ? - help, Shift-Dir - straight line, f/p - wyvern
Aim: a wyvern (lightly wounded, constricted by roots, 100% to hit)
The puff of flame hits the wyvern.
The wyvern is lightly wounded.
The grasping roots constrict the wyvern.
The roots release their grip on the wyvern.
Aiming: Fastroot
Press: ? - help, Shift-Dir - straight line, f/p - wyvern
Aim: a wyvern (moderately wounded)
The roots erupt in riotous growth!
Roots grab the wyvern.
The grasping roots constrict the wyvern.
The wyvern struggles to escape constriction.
Unknown command.
Throw: 3 javelins
Press: ? - help, Q - select action, (/) - cycle Shift-Dir - straight line, f/p - wyvern
Aim: a wyvern (moderately wounded, constricted by roots, 94% to hit)
You throw a javelin.
The javelin pierces through the wyvern but does no damage.
The wyvern is moderately wounded.
The grasping roots constrict the wyvern.
The roots release their grip on the wyvern.
Unknown command.
You slash the wyvern with your +1 hand axe of electrocution!
You headbutt the wyvern, but do no damage.
The wyvern is severely wounded.
You hit the wyvern but do no damage. The wyvern bites you!
You die...

##.#..#.###.#.###.####.#.#
.#.#...................#.#
#.#.##.....#.#.##.#######.#
...........#.#............#
.#########...##...#########
).....####...##.###
)))......#...##.######
.))...)......+.......#
........#....#..@....#
........#....#.k.....#
........#.###........#
........#.##.........#
........#.##.#.#'#####
...............#.#
####.....>...###.#
.........(.......#
...........#.#####


You could see a wyvern.

Vanquished Creatures
  2 two-headed ogres (D:10)
  A hornet (D:8)
  A troll (D:10)
  A wyvern (D:8)
  A wraith (D:9)
  6 yaks (D:9)
  2 water moccasins
  2 black bears
  3 orc warriors
  2 centaurs (D:9)
  An ogre (D:4)
  A kobold brigand (D:8)
  2 bullfrogs
  A gnoll sergeant (D:9)
  A scorpion (D:5)
  4 wights (D:7)
  A howler monkey (D:10)
  A bombardier beetle (D:5)
  A gnoll bouda (D:6)
  2 hounds (D:4)
  A jelly (D:5)
  10 orc priests
  3 iguanas
  2 sleepcaps
  12 orc wizards
  17 gnolls
  4 adders
  A shadow imp (D:7)
  2 ufetubi (D:6)
  2 ribbon worms
  54 orcs
  8 ball pythons
  4 endoplasms (D:1)
  5 giant cockroaches
  9 goblins
  11 hobgoblins
  6 jackals
  17 kobolds
  2 quokkas
  4 bats
  3 frilled lizards
  5 rats
218 creatures vanquished.

Notes
Turn   | Place    | Note
-------+----------+-------------------------------------------
     0 | D:1      | runemasterragnar the Coglin Gladiator began the quest for
                  | the Orb.
     0 | D:1      | Reached XP level 1. HP: 16/16 MP: 1/1
    66 | D:1      | Found Hautast Urel's Assorted Antiques.
   144 | D:1      | Reached XP level 2. HP: 22/22 MP: 2/2
   205 | D:1      | Reached XP level 3. HP: 28/28 MP: 3/3
   314 | D:1      | Reached skill level 4 in Axes
   315 | D:1      | Reached XP level 4. HP: 29/34 MP: 4/4
   589 | D:1      | Gained mutation: You are robust. (+10% HP) [potion of
                  | mutation]
   589 | D:1      | Gained mutation: You have hidden genetic potential. [potion
                  | of mutation]
  1331 | D:3      | Reached XP level 5. HP: 21/45 MP: 5/5
  1340 | D:3      | Gained mutation: Your flesh is heat resistant. (rF+)
                  | [hidden potential]
  1509 | D:3      | Found a faded altar of an unknown god.
  1892 | D:3      | Reached skill level 5 in Axes
  1896 | D:3      | Reached XP level 6. HP: 27/51 MP: 6/6
  2155 | D:1      | Bought a brightly glowing crystal amulet for 110 gold
                  | pieces
  2155 | D:1      | Identified the amulet "Dudduett" {Faith ^Fragile rElec rF+
                  | rN+++} (You bought it in a shop on level 1 of the Dungeon)
  2318 | D:4      | Gained mutation: You have a pair of small horns on your
                  | head. [hidden potential]
  2318 | D:4      | Lost mutation: You have hidden genetic potential. [hidden
                  | potential expressed]
  2544 | D:4      | Reached skill level 6 in Axes
  2544 | D:4      | Reached XP level 7. HP: 41/59 MP: 7/7
  3121 | D:5      | Entered Level 5 of the Dungeon
  3502 | D:5      | Reached skill level 7 in Axes
  3638 | D:6      | Reached skill level 5 in Fighting
  3638 | D:6      | Reached XP level 8. HP: 63/68 MP: 8/8
  3659 | D:6      | Found a broken altar of Ashenzari.
  3703 | D:6      | Found a white marble altar of Elyvilon.
  4236 | D:6      | Found a glowing golden altar of the Shining One.
  4341 | D:6      | Found Fuphoirgh's Magic Scroll Shoppe.
  4346 | D:6      | Bought a scroll of identify for 24 gold pieces
  4394 | D:6      | Reached skill level 8 in Axes
  4604 | D:7      | Found an ornate altar of the Wu Jian Council.
  4604 | D:7      | Found a glowing silver altar of Zin.
  4604 | D:7      | Found a radiant altar of Vehumet.
  4605 | D:7      | Found a bloodstained altar of Trog.
  4606 | D:7      | Found a shimmering altar of Xom.
  4606 | D:7      | Found an opulent altar of Gozag.
  4606 | D:7      | Found a sacrificial altar of Ru.
  4608 | D:7      | Became a worshipper of the Wu Jian Council
  5613 | D:7      | Found a staircase to the Ecumenical Temple.
  5695 | D:8      | Noticed a hornet
  5700 | D:8      | Killed a hornet
  5701 | D:8      | Reached skill level 9 in Axes
  5701 | D:8      | Reached XP level 9. HP: 72/78 MP: 9/9
  6013 | D:8      | Found a hide-covered altar of Uskayaw.
  6015 | D:8      | Noticed a +0 dagger
  6015 | D:8      | Noticed a +0 hand axe
  6069 | D:8      | Reached * piety under Wu Jian
  6074 | D:8      | Reached skill level 10 in Axes
  7007 | D:9      | Found a staircase to the Orcish Mines.
  7037 | D:9      | Reached ** piety under Wu Jian
  7372 | D:9      | Reached skill level 11 in Axes
  7415 | D:9      | Reached XP level 10. HP: 82/88 MP: 10/10
  7503 | D:9      | Reached *** piety under Wu Jian
  7901 | D:10     | Entered Level 10 of the Dungeon
  7935 | D:10     | Reached skill level 12 in Axes
  8018 | D:10     | Noticed a two-headed ogre
  8025 | D:10     | Killed a two-headed ogre
  8200 | D:10     | Noticed a two-headed ogre
  8208 | D:10     | Killed a two-headed ogre
  8250 | D:10     | Noticed a two-headed ogre
  8304 | D:11     | HP: 2/91 [centaur/arrow (7)]
  8311 | D:10     | Slain by a wyvern

Illustrated notes

Levels and vault maps discovered:
D:1:      mrwooster_arrival_arrow, layout_basic, serial_shops,
          nicolae_shop_tiny_statue_garden
D:2:      layout_rooms
D:3:      layout_loops_ring, shapermc_ecumenical_altar_ellora
D:4:      layout_basic
D:5:      layout_basic, abandoned_shop
D:6:      layout_gridville, mainiacjoe_overflow_chevrons, elyvilon_altar_1,
          nicolae_overflow_hidden_temple, serial_shops, nicolae_shop_rolled_up,
          kennysheep_generic_room_12
D:7:      layout_basic, grunt_temple_overflow_open, lemuel_temple_firewalk_b,
          lightli_corner_chamber
D:8:      layout_basic, dancing_weapons_uskayaw
D:9:      layout_small_grid, hiddenorc2_lemuel
D:10:     layout_basic
D:11:     layout_rooms, due_lair_maze_entry_diamond, grunt_dithmenos_smoke

Skill      XL: |  1  2  3  4  5  6  7  8  9 10 |
---------------+-------------------------------+-----
Throwing       | 2 3 |  3.1
Axes           | 4 5 6 7 9 11 12 | 12.8
Fighting       | 3 4 5 6 8 9 |  9.2
Dodging        | |  2.6

Action                     |  1- 3 |  4- 6 |  7- 9 | 10-12 || total
---------------------------+-------+-------+-------+-------++-------
  Melee: War axe           |    86 |   126 |   263 |    39 ||   514
         Mace              |       |    80 |    83 |       ||   163
         Headbutt          |       |     3 |    49 |    14 ||    66
         Hand axe          |       |       |    40 |    38 ||    78
  Throw: Throwing net      |       |       |     3 |       ||     3
         Javelin           |       |       |       |     1 ||     1
Ability: Lunge             |       |       |    18 |     6 ||    24
         Whirlwind         |       |       |     1 |     1 ||     2
  Evoke: Wand              |       |       |       |     4 ||     4
    Use: Scroll            |       |     6 |    10 |     1 ||    17
         Potion            |       |     3 |       |       ||     3
 Armour: Leather armour    |    62 |    20 |       |       ||    82
         Scale mail        |       |    51 |   184 |    47 ||   282
         Ring mail         |       |     8 |       |       ||     8
  Dodge: Dodged            |    73 |    75 |   107 |    26 ||   281

Table legend: (Time is in decaauts)
 A = Elapsed time spent in this place.
 B = Non-inter-level travel time spent in this place.
 C = Inter-level travel time spent in this place.
 D = Time resting spent in this place.
 E = Time spent auto-exploring this place.
 F = Levels seen in this place.
 G = Mean time per level.
                   A        B        C        D        E       F      G
               +--------+--------+--------+--------+--------+-----+--------+
         Total |   8694 |   8230 |    464 |    320 |   6547 |  11 |  790.4 |
       Dungeon |   8694 |   8230 |    464 |    320 |   6547 |  11 |  790.4 |
               +--------+--------+--------+--------+--------+-----+--------+

Top non-repeatable levels by time:
     D:9: 1249 daAuts
     D:7: 1184 daAuts
     D:8: 1070 daAuts
     D:3: 982 daAuts
     D:4: 955 daAuts
     D:6: 922 daAuts
     D:1: 730 daAuts
     D:2: 654 daAuts
     D:5: 518 daAuts
    D:10: 385 daAuts
    D:11: 39 daAuts
